 Dungeon Crawl Stone Soup version 0.29.1-13-g9f3cf754e1 (webtiles) character file.

Game seed: 312933994634455512

93 Heoruswealwe the Grave Robber (level 4, -1/24 HPs)
             Began as a Deep Elf Necromancer on Feb 6, 2023.
             Succumbed to an adder's poison
             ... in a sewer.
             The game lasted 00:31:18 (6467 turns).

Heoruswealwe the Grave Robber (DENe)                Turns: 6467, Time: 00:31:19

Health: -1/24      AC:  2    Str:  5    XL:     4   Next: 36%
Magic:  2/12       EV: 12    Int: 22    God:
Gold:   45         SH:  0    Dex: 15    Spells: 10/11 levels left

rFire   . . .      SeeInvis .   s - staff of conjuration
rCold   . . .      Faith    .   (no shield)
rNeg    . . .      Spirit   .   a - +0 robe
rPois   .          Reflect  .   (no helmet)
rElec   .          Harm     .   (no cloak)
rCorr   .          Rampage  .   (no gloves)
Will    +....                   (no boots)
Stlth   +.........              (no amulet)
HPRegen 0.08/turn               z - ring of willpower
MPRegen 0.13/turn               (no ring)

@: lethally poisoned (-1 -> -9), very slightly contaminated, very slow
A: no striking features
a: no special abilities


You were in a sewer.
You visited 1 branch of the dungeon, and saw 4 of its levels.
You also visited: Sewer.

You collected 45 gold pieces.

Inventory:

Hand Weapons
 d - a +0 sling
 i - a +0 dagger
 n - a +0 dagger
 p - a +0 short sword
 q - a +0 hand axe
 t - a +0 short sword
 u - a +0 war axe
 v - a +0 dagger
 C - a +0 club
 E - a +3 quarterstaff of speed
 H - a +0 dagger
Missiles
 c - 38 stones
Armour
 a - a +0 robe (worn)
 k - a +0 plate armour
 l - a +0 robe
 m - a +0 ring mail
 y - a +0 ring mail
 B - a +0 leather armour
Magical Staves
 s - a staff of conjuration (weapon)
Jewellery
 z - a ring of willpower (left hand)
Scrolls
 g - a scroll of torment {unknown}
 o - a scroll of noise {unknown}
 r - 2 scrolls of teleportation {unknown}
 x - 6 scrolls of identify {unknown}
 A - a scroll of vulnerability {unknown}
 D - a scroll of fear {unknown}
 G - a scroll of immolation {unknown}
Potions
 e - 2 potions of berserk rage {unknown}
 f - 2 potions of might {unknown}
 h - a potion of attraction {unknown}
 j - 2 potions of haste {unknown}
 w - a potion of ambrosia {unknown}
 F - a potion of degeneration {unknown}


   Skills:
 + Level 2.7(1.3) Dodging
 + Level 3.2(1.6) Stealth
 + Level 4.2(2.1) Spellcasting
 + Level 6.0(3.0) Necromancy


You had 10 spell levels left.
You knew the following spells:

 Your Spells              Type           Power      Damage    Failure   Level
a - Necrotise             Necr           60%        1d7       4%          1

Your spell library contained the following spells:

 Spells                   Type           Power      Damage    Failure   Level
 Vampiric Draining        Necr           15%        2d7       12%         3
 Animate Dead             Necr           15%        N/A       36%         4
 Agony                    Necr           15%        N/A       73%         5


Dungeon Overview and Level Annotations

Branches:
Dungeon (5/15)              Sewer (1/1)
 Temple: D:4-7

Altars:
Ashenzari
Fedhas

Shops:
D:2 *


Message History

Confirm with . or Enter, or press ? or * to list all spells.
Aiming: Necrotise (safe; 4% risk of failure)
Press: ? - help, Shift-Dir - straight line, f/p - adder
Aim: an adder (chance to affect: 79%)
You miscast Necrotise.
Nothing appears to happen.
The adder bites you.
You are poisoned.
The adder poisons you!
Casting: Necrotise (safe; 4% risk of failure)
Confirm with . or Enter, or press ? or * to list all spells.
Aiming: Necrotise (safe; 4% risk of failure)
Press: ? - help, Shift-Dir - straight line, f/p - adder
Aim: an adder (ally target, chance to affect: 79%)
The adder writhes in agony.
You feel sick. The ball python misses you. The ball python barely misses you.
The adder bites you but does no damage.
Your river rat skeleton barely misses the adder.
Casting: Necrotise (safe; 4% risk of failure)
Confirm with . or Enter, or press ? or * to list all spells.
Aiming: Necrotise (safe; 4% risk of failure)
Press: ? - help, Shift-Dir - straight line, f/p - adder
Aim: an adder (lightly wounded, ally target, chance to affect: 79%)
The adder writhes in agony.
You feel sick. The ball python misses you. x2
The adder bites you.
You are more poisoned.
The adder poisons you! The ball python bites you. The ball python misses you.
The adder bites you.
* * * LOW HITPOINT WARNING * * *
You feel very sick.
Your river rat skeleton bites the adder.
The adder barely misses you.
The ball python bites you but does no damage.
The ball python barely misses you.
* * * LOW HITPOINT WARNING * * *
You feel sick. The adder bites you.
* * * LOW HITPOINT WARNING * * *
You are more poisoned.
The adder poisons you! The ball python barely misses you.
The ball python grabs you. The ball python constricts you.
The adder completely misses you.
You escape the ball python's grasp.
You die...

#~≈~~≈≈#
#≈≈~≈≈≈
#≈~≈~≈≈#
#≈~~~≈≈
#~~~≈≈≈#
#≈≈~≈≈≈
#~~~≈≈≈#
#≈.~≈≈≈
#.~≈≈≈≈#
#≈~#~≈≈
#~~≈≈≈≈#
#≈≈~~.≈
#≈~~≈≈≈#
#≈~≈~≈≈
#~~≈~≈≈#
#≈≈~#~≈
#~#@~≈≈#
#≈≈~≈≈≈
#≈~~≈≈≈#
#≈~~~≈≈
#≈SS~≈≈#
#≈~~~~≈
#≈≈Z~~≈#
#≈≈~~~≈
#≈~~~≈≈#
#~~~~≈≈
##.~~..#
#.....#
†.....#
#......
..†...##
#..∩∩..
.......#
#......


You could see an adder (ally target), a ball python and a friendly river rat
skeleton.

Vanquished Creatures
  4 adders
  A river rat (Sewer)
  A dart slug (D:1)
  4 endoplasms (D:1)
  2 goblins
  A hobgoblin (D:1)
  4 jackals (D:4)
  3 kobolds
  A quokka (D:2)
  4 ball pythons
  3 bats (D:1)
  3 frilled lizards
  11 rats
  7 bushes (D:1)
49 creatures vanquished.

Vanquished Creatures (collateral kills)
  An endoplasm (D:1)
  2 ball pythons
  A bat (D:1)
  A kobold (D:1)
  4 rats
9 creatures vanquished.

Vanquished Creatures (others)
  12 plants (D:1)
12 creatures vanquished.

Grand Total: 70 creatures vanquished

Notes
Turn   | Place    | Note
-------+----------+-------------------------------------------
     0 | D:1      | Heoruswealwe the Deep Elf Necromancer began the quest for
                  | the Orb.
     0 | D:1      | Reached XP level 1. HP: 10/10 MP: 6/6
   289 | D:1      | Reached skill level 5 in Necromancy
   434 | D:2      | Reached XP level 2. HP: 15/15 MP: 6/8
   707 | D:1      | Found a faded altar of an unknown god.
   966 | D:2      | Reached XP level 3. HP: 19/19 MP: 6/10
   966 | D:2      | Found a blossoming altar of Fedhas.
  1055 | D:1      | Prayed at the altar of an unknown god.
  1055 | D:1      | Became a worshipper of Ashenzari the Shackled
  1056 | D:1      | Fell from the grace of Ashenzari
  6062 | D:2      | Found Recinata's Assorted Antiques.
  6171 | D:2      | You fall into a shaft and drop 2 floors!
  6288 | D:5      | Entered Level 5 of the Dungeon
  6302 | D:5      | Noticed a scorpion
  6337 | D:4      | Found a glowing drain.
  6346 | Sewer    | Entered a sewer
  6369 | Sewer    | Reached XP level 4. HP: 24/24 MP: 3/12
  6455 | Sewer    | Reached skill level 6 in Necromancy
  6466 | Sewer    | HP: 1/24 [adder (2)]
  6467 | Sewer    | Succumbed to an adder's poison

Illustrated notes

Levels and vault maps discovered:
D:1:      psy_arrival_conway, layout_loops_ring,
          dreamdust_ecumenical_altar_statues
D:2:      layout_loops_ring, serial_shops, nicolae_shop_window_shopping,
          basic_altar
D:4:      layout_rooms, portal_sewer_entry_d, minmay_fractal_squares_diagonal_5,
          uniq_natasha, uniq_edmund
D:5:      cheibrodos_fertilizer, layout_loops_cross, vehumet_crystals,
          hangedman_ru_absence, temple_hall, item_on_display_a,
          uniq_prince_ribbit1
Sewer:    sewer_minmay_w

Skill      XL: |  1  2  3  4 |
---------------+-------------+-----
Necromancy     | 5 6 |  6.0
Stealth        | 3 |  3.2
Spellcasting   | 4 |  4.2
Dodging        | |  2.7

Action                   |  1- 3 |  4- 6 || total
-------------------------+-------+-------++-------
Melee: Unarmed           |    31 |       ||    31
       Staff             |  4797 |       ||  4797
       Punch             |    58 |       ||    58
 Cast: Necrotise         |    61 |    19 ||    80
Invok: Renounce Religion |     1 |       ||     1
  Use: Potion            |       |     1 ||     1
Armor: Robe              |     3 |     5 ||     8
Dodge: Dodged            |    12 |    12 ||    24
